 Dungeon Crawl Stone Soup version 0.21-a0-94-gdd6ab6a (webtiles) character file.

261 Musica the Spear-Bearer (level 6, -1/47 HPs)
             Began as a Merfolk Gladiator on July 3, 2017.
             Killed by divine providence
             ... invoked by an orc priest
              (10 damage)
             ... on level 4 of the Dungeon.
             The game lasted 00:07:20 (2281 turns).

Musica the Spear-Bearer (Merfolk Gladiator)         Turns: 2281, Time: 00:07:20

Health: -1/47      AC:  8    Str: 15    XL:     6   Next: 18%
Magic:  6/6        EV: 15    Int:  7    God:
Gold:   174        SH:  0    Dex: 17    Spells: 5/5 levels left

rFire    . . .     SeeInvis .   a - +0 trident
rCold    . . .     Gourm    .   (no shield)
rNeg     . . .     Faith    .   b - +0 leather armour
rPois    .         Spirit   .   c - +1 helmet
rElec    .         Reflect  .   (no cloak)
rCorr    .         Harm     .   (no gloves)
MR       .....     Rnd*Tele +   j - +2 pair of boots {Stlth+}
Stlth    ++........             (no amulet)
HPRegen  0.15/turn              g - ring of teleportation (curse)
MPRegen  0.10/turn              (no ring)

@: no status effects
A: change form in water, swift swim, stealthy swim
a: no special abilities


You were on level 4 of the Dungeon.
You were not hungry.

You visited 1 branch of the dungeon, and saw 4 of its levels.

You collected 174 gold pieces.

Inventory:

Hand Weapons
 a - a +0 trident (weapon)
 i - a cursed +0 whip
Missiles
 d - 3 throwing nets (quivered)
 h - 3 javelins
 m - 2 curare-tipped needles
 q - 12 poisoned needles
Armour
 b - a +0 leather armour (worn)
 c - a +1 helmet (worn)
 j - a +2 pair of boots of stealth (worn)
Jewellery
 e - an uncursed ring of see invisible
 g - a cursed ring of teleportation (left hand)
Scrolls
 n - a scroll of fog {unknown}
Potions
 p - a potion of might
 s - a potion of agility
 t - a potion of invisibility {unknown}
Comestibles
 f - 4 bread rations
 k - 2 meat rations
 l - a royal jelly
 o - 2 chunks of flesh
 r - 4 fruits


   Skills:
 + Level 3.6 Fighting
 + Level 8.0 Polearms
 - Level 2.0 Throwing
 + Level 5.3 Dodging


You had 5 spell levels left.
You didn't know any spells.

Dungeon Overview and Level Annotations

Branches:
Dungeon (4/15)
 Temple: D:4-7

Altars:
Vehumet


Message History

Unknown command.
You are too injured to fight recklessly!
You miss the adder.
The adder is moderately wounded.
The adder bites you.
You puncture the adder!
The adder is severely wounded.
The adder bites you but does no damage.
The orc priest mumbles some strange prayers to Beogh against you.
Beogh smites you!
* * * LOW HITPOINT WARNING * * *
You miss the adder.
The adder is severely wounded.
The adder misses you.
You closely miss the adder.
The adder is severely wounded.
The adder bites you but does no damage.
The orc priest calls down the wrath of Beogh upon you.
Beogh smites you!
You die...

.#..# .$...
#...# ..
#.#.# .#
##.#.### .#
# ##......#
.#
#.##.......#
.#
#...o#.....#
##.#
#S@.....#
#..#
##......#
#<# ##.#####
#.# #.# #.#
#.# #.# ..#
#.# ..# #.#
..# #.# #.#


You could see an orc priest and an adder.

Vanquished Creatures
  2 orc priests (D:4)
  3 gnolls (D:3)
  7 adders
  5 oozes
  A worm (D:3)
  2 dart slugs
  2 leopard geckos
  8 orcs
  A ball python (D:3)
  5 bats
  A giant cockroach (D:2)
  5 hobgoblins
  4 jackals (D:1)
  3 quokkas (D:3)
  4 frilled lizards
  9 goblins
  11 kobolds
  5 rats
78 creatures vanquished.

Notes
Turn   | Place    | Note
-------+----------+-------------------------------------------
     0 | D:1      | Musica the Merfolk Gladiator began the quest for the Orb.
     0 | D:1      | Reached XP level 1. HP: 16/16 MP: 1/1
    46 | D:1      | Reached XP level 2. HP: 13/23 MP: 2/2
   404 | D:1      | Reached XP level 3. HP: 25/28 MP: 3/3
   450 | D:1      | Reached skill level 5 in Polearms
   960 | D:2      | Reached XP level 4. HP: 29/34 MP: 4/4
  1008 | D:2      | Reached skill level 5 in Dodging
  1455 | D:3      | Found a radiant altar of Vehumet.
  1459 | D:3      | Reached skill level 6 in Polearms
  1634 | D:3      | Reached XP level 5. HP: 40/41 MP: 5/5
  1858 | D:3      | Reached skill level 7 in Polearms
  2214 | D:4      | Reached XP level 6. HP: 27/47 MP: 6/6
  2248 | D:4      | Reached skill level 8 in Polearms
  2281 | D:4      | Killed from afar by an orc priest

Vault maps used:
D:1:      erik_arrival_gehennom, minmay_misc_feat_rows, hex_tiny
D:2:      hex_intersection
D:3:      vehumet_crystals, minmay_door_square
D:4:      lemuel_zombie_altar_yredelemnul, first_bread, minivault_19

Skill      XL: |  1  2  3  4  5  6 |
---------------+-------------------+-----
Polearms       | 5 6 7 8 |  8.0
Dodging        | 5 |  5.3
Fighting       | 3 |  3.6
Throwing       | |  2.0

Action                   |  1- 3 |  4- 6 || total
-------------------------+-------+-------++-------
Melee: Trident           |   124 |   197 ||   321
  Use: Potion            |     4 |       ||     4
       Scroll            |     1 |     2 ||     3
 Stab: Sleeping          |     2 |     6 ||     8
       Distracted        |       |     1 ||     1
  Eat: Chunk             |       |     5 ||     5
Armor: Leather armour    |    30 |    32 ||    62
Dodge: Dodged            |   102 |   115 ||   217
